[Event "Deloitte NK 2021"]
[Site "Hoogeveen, Netherlands"]
[Date "2021.10.16"]
[Round "2.1"]
[White "Hilwerda, Jonas"]
[Black "Lai, Hing Ting"]
[Result "1/2-1/2"]
[TimeControl "90min/40moves + 30min + 30sec/move"]
[WhiteElo "2240"]
[BlackElo "2439"]

1. e4 c6 2. d4 d5 3. Nd2 dxe4 4. Nxe4 Bf5 5. Ng3 Bg6 6. h4 h6 7. Nf3 Nd7 8. h5 Bh7 9. Bd3 Bxd3 10.
Qxd3 e6 11. Bd2 Ngf6 12. O-O-O Be7 13. Ne4 Nxe4 14. Qxe4 Nf6 15. Qd3 O-O 16. g4 Nxg4 17. Rhg1 f5 18. Qe2 Kh7 19. Ne5 Nxe5 20.
dxe5 Rf7 21. Rg6 Qd5 22. c4 Qe4 23. Qxe4 fxe4 24.
Rxe6 Bh4 25. Re1 Bxf2 26. Rxe4 Bc5 27. Rg6 Rf5 28. Reg4 Bf8 29. e6 Re8 30. Bf4 b5 31. Bg3 bxc4 32.
Bh4 Rxh5 33. e7 Rxh4 34. exf8=N+ Rxf8 35. Rxg7+ Kh8 36. Rxh4 Kxg7 37. Rxc4 Rf6 38. Rg4+ Kf8 39. Ra4 Rf7 40.
Rc4 1/2-1/2

[Event "Deloitte NK 2021"]
[Site "Hoogeveen, Netherlands"]
[Date "2021.10.16"]
[Round "2.2"]
[White "Zwirs, Nico"]
[Black "Hoogendoorn, Joost"]
[Result "1-0"]
[TimeControl "90min/40moves + 30min + 30sec/move"]
[WhiteElo "2439"]
[BlackElo "2482"]

1. e4 d5 2. exd5 Qxd5 3. Nc3 Qa5 4.
d4 c6 5.
Nf3 Bf5 6. Ne5 Nd7 7. Nc4 Qc7 8. Qf3 e6 9. Bf4 Qd8 10. O-O-O Ngf6 11. h3 Nb6 12. g4 Bg6 13. Ne5 Nbd5 14.
Nxd5 Nxd5 15. Bd2 Be7 16. h4 Bxh4 17. Qb3 Bxf2 18. Bd3 Qb6 19. Bxg6 fxg6 20. Qf3 Rf8 21. Qxf8+ Kxf8 22. Nd7+ Kg8 23.
Nxb6 axb6 24. c3 Rxa2 25. Rh3 c5 26. Kb1 Ra8 27. Rf3 Bh4 28. g5 h6 29. gxh6 Bf6 30. dxc5 bxc5 31. hxg7 Bxg7 32.
Rg1 Ne7 33. Rd3 b5 34. Rd7 Re8 35. Be3 c4 36. Bc5 Bf6 37.
Bxe7 Rxe7 38. Rxe7 Bxe7 39. Rxg6+ Kf7 40. Rh6 Bf6 41. Rh7+ Bg7 42. Kc2 Kg6 43. Rh1 Be5 44. Ra1 Kf5 45.
Ra5 Ke4 46. Rxb5 Bd6 47. Kd1 Bf8 48. Ke2 Be7 49. Rb7 Bd6 50. Rb6 Kd5 51. b4 cxb3 52. Kd3 Kc5 53. Rxb3 Bg3 54. Ra3 Bc7 55.
Ra7 Bb6 56. Ra8 Kd5 57. Rb8 Bc7 58. Rb5+ Kc6 59. Rh5 Bb6 60. Kc4 Bf2 61. Rh6 Kd6 62. Kb5 Be3 63. Rh3 Bf2 64. c4 e5 65.
Rh6+ Kc7 66. Re6 Bg3 67. Kc5 Bf4 68. Kd5 Bg3 69. Re7+ Kc8 70. Kd6 Bf4 71. Re8+ Kb7 72. c5 e4+ 73.
Kd7 e3 74. Re4 1-0

[Event "Deloitte NK 2021"]
[Site "Hoogeveen, Netherlands"]
[Date "2021.10.16"]
[Round "2.3"]
[White "Timmermans, Mark"]
[Black "Ten Hertog, Hugo"]
[Result "0-1"]
[TimeControl "90min/40moves + 30min + 30sec/move"]
[WhiteElo "2385"]
[BlackElo "2519"]

1. e4 c6 2. d4 d5 3. e5 Bf5 4.
h4 h5 5.
c4 e6 6.
Nc3 Ne7 7. cxd5 Nxd5 8. Nge2 Nb4 9. Bg5 Qb6 10. Na4 Qa5 11. Nec3 Bc2 12. Qd2 Bxa4 13. Rc1 Nd5 14. b3 Bb4 15.
Rh3 Bxc3 16. Rhxc3 Bb5 17. Bc4 Bxc4 18. bxc4 Nxc3 19. Rxc3 Nd7 20. Qb2 Nb6 21. Bd2 Qa6 22. Ra3 Nxc4 0-1

[Event "Deloitte NK 2021"]
[Site "Hoogeveen, Netherlands"]
[Date "2021.10.16"]
[Round "2.4"]
[White "Burg, Twan"]
[Black "Van der Lende, Ilias"]
[Result "1/2-1/2"]
[TimeControl "90min/40moves + 30min + 30sec/move"]
[WhiteElo "2514"]
[BlackElo "2388"]

1. e4 e6 2. d4 d5 3. Nd2 c5 4.
exd5 Qxd5 5. Ngf3 cxd4 6. Bc4 Qd8 7. O-O a6 8. Nb3 Nf6 9. Nbxd4 Be7 10. Qe2 O-O 11. Re1 Nd5 12. Qe4 Bf6 13.
h4 g6 14. Bg5 Nc6 15. Rad1 Nxd4 16. Rxd4 Qc7 17. Bxf6 Nxf6 18. Qe3 b5 19. Bb3 Bb7 20. Qg5 Kg7 21. Ne5 Rad8 22. Red1 Ne4 23.
Qf4 Rxd4 24. Rxd4 Nc5 25. h5 Qe7 26. Ng4 g5 27. h6+ Kg6 28. Qd2 f5 29. Ne5+ Kxh6 30. c3 Qf6 31. Qe3 Be4 32.
Nd7 Nxd7 33. Rxd7 Kg6 34. Rd6 Re8 35. Rxa6 Qd8 36. Bxe6 Qd1+ 37. Kh2 Qh5+ 38. Qh3 Qxh3+ 39. Kxh3 Kg7 40. Rd6 f4 41. Kg4 h6 42. f3 Bg6 43.
g3 h5+ 44. Kxg5 fxg3 45. Bh3 Re5+ 46. Kf4 Re2 47. Kxg3 Rxb2 48. Rb6 Rc2 49. Rxb5 Rxc3 50. a4 Be8 51. Rb7+ Kf6 52. Rb6+ Kg5 53.
a5 Bc6 54. Bg2 h4+ 55. Kf2 Rc2+ 56. Kg1 Kf4 57. Kh2 Bd7 58. Rb4+ Kg5 59. Kg1 Ra2 60. Rb7 h3 61. Bf1 h2+ 62.
Kh1 Bc6 63. Rg7+ Kf6 64. Rf7+ Kxf7 65. Bc4+ Ke7 66. Bxa2 Bxf3+ 67. Kxh2 Kd6 68. a6 Kc7 69. Kg3 Kb6 70. Bc4 Bb7 71.
axb7 Kxb7 1/2-1/2

[Event "Deloitte NK 2021"]
[Site "Hoogeveen, Netherlands"]
[Date "2021.10.16"]
[Round "2.5"]
[White "Maatman, Nick"]
[Black "Swinkels, Robin"]
[Result "0-1"]
[TimeControl "90min/40moves + 30min + 30sec/move"]
[WhiteElo "2368"]
[BlackElo "2509"]

1. d4 Nf6 2. c4 e6 3. Nf3 d5 4. Nc3 Be7 5. Qc2 c5 6. dxc5 d4 7. Nb5 Bxc5 8. Bf4 O-O 9. O-O-O Qe7 10.
Nbxd4 Bxd4 11. Rxd4 Nc6 12. Rd2 e5 13. Bg5 Be6 14. e3 Rfc8 15. Bxf6 gxf6 16. Qe4 b5 17. Bd3 f5 18. Qh4 f6 19.
Bc2 bxc4 20. Rhd1 e4 21. g4 c3 22. Rd6 cxb2+ 23. Kb1 Bxa2+ 24. Kxa2 Nb4+ 25. Kb1 Qf7 26. R1d5 Nxc2 27. Ne5 fxe5 28.
Qg5+ Kh8 29. Rd8+ Rxd8 30. Rxd8+ Rxd8 31. Qxd8+ Kg7 32. Qg5+ Kf8 33. Qd8+ Kg7 34. Qg5+ Qg6 35. Qe7+ Kg8 36.
Qd8+ Kg7 37. Qe7+ Kg8 38. Qd8+ Kf7 39. Qd7+ Kf8 40. Qd8+ Kf7 41. Qd7+ Kf6 42. Qd8+ Ke6 43. Qc8+ Kd5 44.
Qd7+ Qd6 45. Qb5+ Ke6 46. Qe8+ Kf6 47. Kxc2 fxg4 48. Qh8+ Kg5 49. Qg7+ Qg6 50. Qxa7 Qf5 51. Qg7+ Kh4 52.
Qh6+ Qh5 53. Qc6 Kh3 54. Kxb2 Qg6 55. Qc2 Qf5 56. Kc1 h5 57. Kd1 Qf3+ 58. Ke1 Kxh2 59. Qc7 Kg2 0-1

[Event "Deloitte NK 2021"]
[Site "Hoogeveen, Netherlands"]
[Date "2021.10.16"]
[Round "2.6"]
[White "Brandenburg, Daan"]
[Black "Beerdsen, Thomas"]
[Result "1/2-1/2"]
[TimeControl "90min/40moves + 30min + 30sec/move"]
[WhiteElo "2482"]
[BlackElo "2454"]

1. c4 e5 2. Nc3 Nf6 3. Nf3 e4 4. Ng5 c6 5. Ngxe4 Nxe4 6. Nxe4 d5 7. Nc3 d4 8. Nb1 d3 9.
exd3 Bf5 10. Be2 Qd4 11. Qb3 Bc5 12. O-O O-O 13. Na3 Qe5 14. Bf3 Nd7 15. Nc2 Bd6 16. g3 Nc5 17. d4 Nxb3 18.
dxe5 Nxa1 19. Ne3 Bxe5 20. Nxf5 Nc2 21. Bd1 Nd4 22. Ne3 Rad8 23. Re1 Rfe8 24. Kf1 g6 25. b3 Bg7 26. d3 f5 27.
Ng2 Ne6 28. Bc2 Bc3 29. Re3 Kf7 30. h4 a5 31. Re2 Rd7 32. Re3 Rdd8 33. Re2 Rd7 34. Re3 1/2-1/2

[Event "Deloitte NK 2021"]
[Site "Hoogeveen, Netherlands"]
[Date "2021.10.16"]
[Round "2.7"]
[White "Nijboer, Friso"]
[Black "Vrolijk, Liam"]
[Result "1/2-1/2"]
[TimeControl "90min/40moves + 30min + 30sec/move"]
[WhiteElo "2468"]
[BlackElo "2480"]

1. d4 Nf6 2. c4 e6 3. Nc3 Bb4 4. e3 O-O 5. Bd3 d5 6. Nf3 dxc4 7. Bxc4 c5 8. O-O Nc6 9. a3 Ba5 10.
Bd3 h6 11. Ne2 cxd4 12. exd4 Bc7 13. Qc2 e5 14. dxe5 Nxe5 15. Nxe5 Bxe5 16. Bf4 Bxf4 17. Nxf4 Qd6 18. g3 Bg4 19.
f3 Qb6+ 20. Qf2 Qxf2+ 21. Rxf2 Bd7 22. Rd2 Bc6 23. Be2 Rfd8 24. Rad1 Rxd2 25. Rxd2 Kf8 26. Kf2 Rc8 27. h4 g5 28.
Ng2 Bd5 29. Ne3 Be6 30. Rd4 Ke7 31. f4 gxh4 32. gxh4 b6 33. Bf3 Rc5 34. Ke2 Rc7 35. Kd2 Rc8 36. Ke2 Rc7 37. Rd2 Rc1 38.
Rd1 Rc5 39. Kf2 Rc8 40. Be2 Rg8 41. Bf3 Rc8 42. f5 Bd7 43. Be2 Rc5 44. Bd3 Bc6 45. Kg3 1/2-1/2

[Event "Deloitte NK 2021"]
[Site "Hoogeveen, Netherlands"]
[Date "2021.10.16"]
[Round "2.8"]
[White "Hendriks, Willy"]
[Black "Pijpers, Arthur"]
[Result "0-1"]
[TimeControl "90min/40moves + 30min + 30sec/move"]
[WhiteElo "2439"]
[BlackElo "2474"]

1. c4 c6 2. e4 d5 3. exd5 cxd5 4. d4 Nf6 5. Nc3 Nc6 6. Bg5 dxc4 7. d5 Na5 8. Bxc4 Nxc4 9. Qa4+ Bd7 10.
Qxc4 h6 11. Bh4 b5 12. Qd4 Qb6 13. Rd1 b4 14. Bxf6 gxf6 15. Ne4 Rg8 16. Ne2 f5 17. N4g3 Qxd4 18. Rxd4 a5 19. O-O Rc8 20.
Rc1 Rxc1+ 21. Nxc1 e5 22. dxe6 fxe6 23. Nd3 Bg7 24. Rc4 Ke7 25. Rc5 Ra8 26. Rc2 Rc8 27. Rxc8 Bxc8 28. b3 Ba6 29.
Nc5 Bb5 30. Nb7 a4 31. bxa4 Bxa4 32. Ne2 Bb2 33. Nc5 Bc2 34. Nf4 Bb1 35. Ncxe6 Bxa2 36. Nc5 Bc4 37. h3 Bd4 38. Ncd3 b3 39.
g4 Kf6 0-1